 Dungeon Crawl Stone Soup version 0.28.0-45-g0d030f2227 (webtiles) character file.

Game seed: 15285253161468103664

544 sking99 the Ruffian (level 7, -3/70 HPs)
             Began as a Troll Monk on May 18, 2022.
             Was a Believer of Zin.
             Slain by an ogre
             ... wielding a +0 giant spiked club
              (20 damage)
             ... on level 4 of the Dungeon.
             The game lasted 00:03:28 (2806 turns).

sking99 the Ruffian (Troll Monk)                    Turns: 2806, Time: 00:03:28

Health: -3/70      AC:  4    Str: 22    XL:     7   Next: 6%
Magic:  6/6        EV: 10    Int:  6    God:    Zin [**....]
Gold:   117        SH:  0    Dex: 12    Spells: 6/6 levels left

rFire   . . .      SeeInvis .     - Unarmed
rCold   . . .      Faith    .   (no shield)
rNeg    . . .      Spirit   .   a - +0 robe
rPois   .          Reflect  .   (helmet restricted)
rElec   .          Harm     .   (no cloak)
rCorr   .          Rampage  .   (gloves unavailable)
Will    .....                   (boots unavailable)
Stlth   ++........              (no amulet)
HPRegen 1.01/turn               (no ring)
MPRegen 0.10/turn               (no ring)

@: no status effects
A: large, unfitting armour, claws 3, regeneration 1, shaggy fur 1, tough skin 1
a: Renounce Religion, Recite, Vitalisation, Donate Gold


You were on level 4 of the Dungeon.
You worshipped Zin.
Zin was pleased with you.
You visited 1 branch of the dungeon, and saw 4 of its levels.

You collected 129 gold pieces.
You donated 12 gold pieces to Zin.

Inventory:

Missiles
 j - 9 poisoned darts (quivered)
Armour
 a - a +0 robe (worn)
Wands
 o - a wand of polymorph (2)
 r - a wand of mindburst (17)
Scrolls
 b - 2 scrolls of teleportation {unknown}
 d - a scroll of identify {unknown}
 g - 2 scrolls of magic mapping {unknown}
 i - a scroll of holy word {unknown}
 l - 2 scrolls of immolation {unknown}
 n - a scroll of enchant armour {unknown}
Potions
 c - a potion of magic {unknown}
 e - a potion of berserk rage {unknown}
 f - 2 potions of haste {unknown}
 h - a potion of heal wounds {unknown}
 k - a potion of degeneration {unknown}
 m - 3 potions of flight {unknown}
 p - a potion of curing {unknown}
 q - 2 potions of attraction {unknown}


   Skills:
 + Level 4.2 Fighting
 - Level 2.4 Dodging
 - Level 1.0 Stealth
 * Level 6.7 Unarmed Combat
 + Level 1.1 Invocations


You had 6 spell levels left.
You didn't know any spells.
Your spell library contained the following spells:

 Spells                   Type           Power      Damage    Failure   Level
 Sublimation of Blood     Necr           0%         N/A       58%         2
 Petrify                  Tmut/Erth      0%         N/A       99%         4
 Irradiate                Conj/Tmut      0%         3d14      100%        5


Dungeon Overview and Level Annotations

Branches:
Dungeon (4/15)
 Temple: D:4-7

Altars:
Elyvilon
Gozag
Zin

Shops:
D:1 :


Innate Abilities, Weirdness & Mutations

You are too large for most types of armour.
You have claws for hands.
Your natural rate of healing is unusually fast.
You are covered in fur. (AC +1)
You have tough skin. (AC +1)


Message History

The hound is heavily wounded.
The hound bites you.
You claw the hound!
You kill the hound!
No target in view!
HP restored.
An ogre comes into view. It is wielding a +0 giant spiked club.
The ogre shouts!
The ogre moves out of view.
An ogre is nearby!
An ogre is nearby!
You claw the ogre!
The ogre is heavily wounded.
The ogre hits you with a +0 giant spiked club!
You claw the ogre!
The ogre is almost dead.
The ogre misses you.
You claw the ogre!
You kill the ogre!
Your Invocations skill increases to level 1!
You have reached level 7!
Things that are here:
a +0 giant spiked club; an ogre corpse An ogre comes into view.
It is wielding a +0 giant spiked club.
An ogre is nearby!
You barely miss the ogre.
The ogre hits you with a +0 giant spiked club!!!
Ouch! That really hurt!
You closely miss the ogre.
The ogre hits you with a +0 giant spiked club!!
* * * LOW HITPOINT WARNING * * *
You scratch the ogre.
The ogre is moderately wounded.
You scratch the ogre.
The ogre is moderately wounded.
The ogre barely misses you.
You barely miss the ogre.
The ogre is moderately wounded.
The ogre hits you with a +0 giant spiked club!!
You die...

# # .. # .. ### #.
##..#####.#
##.......$.####
#.............#
#............#
#.....@O..# #
##......### #######
##..#### ..#...###
##...#####
........###.........#
#....................
.....................
.....................
.....................


You could see an ogre.

Vanquished Creatures
  A necrophage (D:2)
  An ogre (D:4)
  A scorpion (D:4)
  3 hounds
  Natasha (thrice) (D:2)
  2 orc wizards (D:3)
  2 adders
  3 worms
  3 dart slugs
  3 orcs (D:3)
  3 ball pythons
  4 endoplasms
  A giant cockroach (D:1)
  9 goblins
  6 hobgoblins
  7 jackals (D:1)
  2 quokkas
  5 bats
  5 frilled lizards
  6 kobolds
  7 rats
77 creatures vanquished.

Vanquished Creatures (others)
  An orc wizard (D:3)
1 creature vanquished.

Grand Total: 78 creatures vanquished

Notes
Turn   | Place    | Note
-------+----------+-------------------------------------------
     0 | D:1      | sking99 the Troll Monk began the quest for the Orb.
     0 | D:1      | Reached XP level 1. HP: 22/22 MP: 0/0
   150 | D:1      | Found Myicuhi's Book Shoppe.
   264 | D:1      | Reached XP level 2. HP: 29/29 MP: 1/1
   632 | D:1      | Reached XP level 3. HP: 36/36 MP: 2/2
   876 | D:2      | Reached skill level 4 in Unarmed Combat
   969 | D:2      | Reached XP level 4. HP: 42/45 MP: 3/3
  1146 | D:2      | Noticed Natasha
  1157 | D:2      | Killed Natasha
  1168 | D:2      | Noticed Natasha
  1176 | D:2      | Killed Natasha
  1177 | D:2      | Reached skill level 5 in Unarmed Combat
  1177 | D:2      | Reached XP level 5. HP: 40/53 MP: 4/4
  1292 | D:2      | Noticed a necrophage
  1301 | D:2      | Killed a necrophage
  1410 | D:2      | Noticed Natasha
  1415 | D:2      | Killed Natasha
  1691 | D:2      | Found a faded altar of an unknown god.
  1799 | D:3      | Reached XP level 6. HP: 59/62 MP: 5/5
  1825 | D:3      | Reached skill level 6 in Unarmed Combat
  1889 | D:3      | Found a white marble altar of Elyvilon.
  1901 | D:3      | Found an opulent altar of Gozag.
  2285 | D:3      | Found a glowing silver altar of Zin.
  2555 | D:3      | Became a worshipper of Zin the Law-Giver
  2555 | D:3      | Reached * piety under Zin
  2555 | D:3      | Reached ** piety under Zin
  2778 | D:4      | Reached skill level 1 in Invocations
  2778 | D:4      | Reached XP level 7. HP: 59/70 MP: 6/6
  2806 | D:4      | Slain by an ogre

Illustrated notes

Levels and vault maps discovered:
D:1:      denvon_arrival_waterhouse, layout_loops_ring, serial_shops,
          nicolae_diamond_shop, minmay_tromino_i4
D:2:      layout_basic, chequers_ecumenical_altar_simple,
          nicolae_concentric_dashed_squares_mild, uniq_natasha
D:3:      layout_basic, lemuel_coloured_pillars_altar,
          nicolae_gozag_seed_capital, mainiacjoe_overflow_24_doors
D:4:      layout_cave_pods

Skill      XL: |  1  2  3  4  5  6 |
---------------+-------------------+-----
Unarmed Combat | 4 5 6 |  6.7
Fighting       | 3 4 |  4.2
Invocations    | 1 |  1.1
Dodging        | |  2.4
Stealth        | |  1.0

Action                   |  1- 3 |  4- 6 |  7- 9 || total
-------------------------+-------+-------+-------++-------
Melee: Unarmed           |    51 |   128 |     5 ||   184
       Punch             |       |     4 |       ||     4
 Stab: Sleeping          |     1 |     3 |       ||     4
Armor: Robe              |    14 |    37 |       ||    51
Dodge: Dodged            |    16 |    41 |     1 ||    58
